 Seeded DCSS version 0.29.1-15-g9cfb28693d (webtiles) character file.

Game seed: 1 (custom seed)

19768 Kazon the Carver (level 12, -3/97 HPs)
             Began as a Barachi Fighter on Apr 3, 2023.
             Was a High Priest of Okawaru.
             Slain by a blink frog (7 damage)
             ... on level 2 of the Lair of Beasts on Apr 4, 2023.
             The game lasted 01:06:49 (10307 turns).

Kazon the Carver (Barachi Fighter)                 Turns: 10307, Time: 01:06:50

Health: -3/97      AC: 13    Str: 18    XL:     12   Next: 72%
Magic:  13/16      EV: 16    Int: 10    God:    Okawaru [*****.]
Gold:   63         SH:  9    Dex: 21    Spells: 11/11 levels left

rFire   + + +      SeeInvis .   f - +2 Maxwell's thermic engine {flame, freeze}
rCold   + . .      Faith    .   c - +2 buckler
rNeg    . . .      Spirit   .   o - +0 troll leather armour
rPois   +          Reflect  .   k - +0 helmet
rElec   .          Harm     .   N - +2 cloak
rCorr   .          Rampage  .   (no gloves)
Will    .....                   l - +2 pair of boots
Stlth   ++++......              C - amulet "Odemouw" {Contam rPois rF+++ Regen+ Stlth+}
HPRegen 1.86/turn               P - ring of protection from cold
MPRegen 0.15/turn               w - +6 ring of dexterity

@: slow
A: amphibious, slowness 1, strong legs 1, +LOS
a: Hop, Renounce Religion, Heroism, Finesse, Duel


You were on level 2 of the Lair of Beasts.
You worshipped Okawaru.
Okawaru was extremely pleased with you.
You visited 3 branches of the dungeon, and saw 15 of its levels.

You collected 1023 gold pieces.
You spent 960 gold pieces at shops.

Inventory:

Hand Weapons
 e - a +2 dagger of venom
 f - the +2 Maxwell's thermic engine (weapon) {flame, freeze}
   (You found it on level 1 of the Lair of Beasts)

   It burns those it strikes, dealing additional fire damage.
   Big, fiery blades are also staple armaments of hydra-hunters.
   It freezes those it strikes, dealing additional cold damage.
   It can also slow down cold-blooded creatures.
   It becomes more effective when it hits something.
   This effect fades over time.
 s - the +3 falchion of Winter {venom, rCorr}
   (You bought it in a shop on level 3 of the Dungeon)

   It poisons the flesh of those it strikes.
   rCorr:     It protects you from acid and corrosion.
Missiles
 j - 2 stones (quivered)
 m - 35 poisoned darts
 n - 23 boomerangs
 q - a throwing net
 F - 4 curare-tipped darts
 Q - an atropa-tipped dart
Armour
 c - a +2 buckler (worn)
 k - a +0 helmet (worn)
 l - a +2 pair of boots (worn)
 o - a +0 troll leather armour (worn)
 N - a +2 cloak (worn)
Jewellery
 w - a +6 ring of dexterity (right hand)
 C - the amulet "Odemouw" (around neck) {Contam rPois rF+++ Regen+ Stlth+}
   (You bought it in a shop on level 8 of the Dungeon)

   [amulet of regeneration]

   rF:        It renders you almost immune to fire.
   rPois:     It protects you from poison.
   Contam:    It causes magical contamination when unequipped.
   Regen:     It increases your rate of health regeneration.
   Stlth:     It makes you more stealthy.
 G - a ring of protection from cold
 P - a ring of protection from cold (left hand)
 W - the amulet of Pessimism {Rampage rC- Regen+ Str+5 SInv}
   (You acquired it on level 1 of the Dungeon)

   [amulet of regeneration]

   Str:       It affects your strength (+5).
   rC:        It makes you vulnerable to cold.
   SInv:      It lets you see invisible.
   Regen:     It increases your rate of health regeneration.
   Rampage:   It bestows one free step when moving towards enemies.
Wands
 A - a wand of mindburst (9)
 B - a wand of flame (31)
 I - a wand of paralysis (22)
 K - a wand of roots (6)
 R - a wand of polymorph (7)
Scrolls
 i - 10 scrolls of identify
 p - 2 scrolls of poison {unknown}
 r - 3 scrolls of fog {unknown}
 t - a scroll of enchant armour {unknown}
 u - 4 scrolls of teleportation
 x - 2 scrolls of noise {unknown}
 y - a scroll of magic mapping {unknown}
 D - 2 scrolls of enchant weapon {unknown}
 J - 3 scrolls of fear
 L - a scroll of amnesia {unknown}
 M - a scroll of summoning {unknown}
 T - a scroll of vulnerability {unknown}
Potions
 a - 2 potions of ambrosia {unknown}
 b - 4 potions of berserk rage {unknown}
 d - 3 potions of might
 g - 3 potions of flight {unknown}
 h - 5 potions of attraction {unknown}
 v - 3 potions of haste {unknown}
 z - 6 potions of lignification {unknown}
 E - 2 potions of cancellation
 H - 2 potions of curing
 Y - a potion of heal wounds
Miscellaneous
 O - a condenser vane
 U - a phial of floods


   Skills:
 * Level 9.9 Fighting
 + Level 5.9(8.6) Short Blades
 + Level 10.7(11.4) Long Blades
 + Level 3.8 Ranged Weapons
 + Level 5.8 Throwing
 + Level 8.1 Armour
 + Level 7.3 Dodging
 + Level 5.3 Stealth
 + Level 7.5 Shields
 * Level 5.5 Invocations
 * Level 8.1 Evocations


You had 11 spell levels left.
You didn't know any spells.
Your spell library contained the following spells:

 Spells                   Type           Power      Damage    Failure   Level
 Apportation              Tloc           0%         N/A       50%         1
 Magic Dart               Conj           0%         1d3       50%         1
 Necrotise                Necr           0%         1d4       50%         1
 Sting                    Tmut/Pois      0%         1d3       50%         1
 Poisonous Vapours        Pois/Air       0%         N/A       63%         2
 Mephitic Cloud           Conj/Pois/Air  0%         N/A       86%         3
 Ozocubu's Armour         Ice            0%         N/A       86%         3
 Olgreb's Toxic Radiance  Pois           0%         N/A       99%         4
 Fireball                 Conj/Fire      0%         3d3       100%        5
 Iskenderun's Battlesphe  Conj           0%         2d6       100%        5
 Metabolic Englaciation   Hex/Ice        0%         N/A       100%        5
 Conjure Ball Lightning   Conj/Air       0%         3x3d6     100%        6
 Orb of Destruction       Conj           0%         9d5       100%        7
 Summon Small Mammal      Summ           Unusable   N/A       N/A         1
 Call Imp                 Summ           Unusable   N/A       N/A         2
 Simulacrum               Ice/Necr       Unusable   N/A       N/A         6

Dungeon Overview and Level Annotations

Branches:
Dungeon (12/15)            Temple (1/1) D:7            Lair (2/5) D:10
  Swamp: Lair:2-3    Shoals: Lair:2-3     Snake: Lair:2-3    Spider: Lair:2-3
    Orc: D:9-12

Altars:
Ashenzari
Dithmenos
Elyvilon
Fedhas
Gozag
Hepliaklqana
Makhleb
Nemelex Xobeh
Okawaru
Qazlal
Uskayaw
Xom

Shops:
D:3 (   D:8 ?(==   D:10 :


Innate Abilities, Weirdness & Mutations

You are amphibious.
You cover ground slowly.
You can hop short distances.
You have an extended range of vision and can be seen from far away.


Message History

The bolt of electricity hits the electric eel.
The electric eel completely resists.
The blink frog barely misses you.
You barely miss the electric eel.
The electric eel is moderately wounded.
You completely miss the electric eel.
The electric eel is moderately wounded.
You block the blink frog's attack.
The electric eel shoots out a bolt of lightning at you!
The bolt of electricity hits you.
* * * LOW HITPOINT WARNING * * *
The bolt of electricity hits you!
* * * LOW HITPOINT WARNING * * *
The bolt of electricity hits the electric eel.
The electric eel completely resists.
The blink frog attacks as you move away!
The blink frog closely misses you.
Your hands slow down.
The blink frog blinks!
You block the blink frog's attack.
The blink frog blinks!
You miss the electric eel.
The electric eel is moderately wounded.
The blink frog blinks!
The blink frog hits you!
* * * LOW HITPOINT WARNING * * *
The electric eel shoots out a bolt of lightning at you!
The bolt of electricity hits you!
* * * LOW HITPOINT WARNING * * *
You block the blink frog's attack.
Aiming: Throw Flame
Press: ? - help, Shift-Dir - straight line, f - electric eel
Aim: an electric eel (water, moderately wounded, 60% to hit)
The puff of flame hits the electric eel.
The electric eel is heavily wounded.
The electric eel is engulfed in a cloud of scalding steam.
You kill the electric eel!
Okawaru accepts your kill. Okawaru grants you throwing weapons!
Something appears at your feet!
You hear a splash. x2
The blink frog hits you!
You die...

........$...........
....................
....................
....................
.........#..........
.......!<#..........
........F..§........
...........F§≈~.###
...........@§≈~.#
...#.......~#≈~F.#
...........~~~~.##
...P...#P#.......#
.......####.###P.#
....... ### ###
.....


You could see 3 blink frogs.

Vanquished Creatures
  Fannar (Lair:2)
  Erolcha (D:10)
  A two-headed ogre (D:9)
  An ugly thing (D:11)
  2 black mambas
  A cane toad (Lair:1)
  Maggie (D:6)
  4 kobold demonologists (D:11)
  7 komodo dragons
  A tengu conjurer (D:12)
  3 trolls
  Prince Ribbit (D:9)
  6 blink frogs (Lair:1)
  2 shadows
  A vampire (D:10)
  25 yaks
  2 wyverns
  2 basilisks (Lair:1)
  Eustachio (D:5)
  2 steam dragons
  Menkaure (D:5)
  Edmund (D:6)
  2 acid dragons
  5 water moccasins
  5 orc warriors
  An ice beast (D:8)
  5 sky beasts
  2 black bears (D:6)
  5 centaurs
  An ogre (D:6)
  A wolf (D:10)
  2 phantoms (D:6)
  3 kobold brigands
  3 necrophages
  3 bullfrogs
  A gnoll sergeant (D:7)
  5 scorpions
  21 wights
  3 killer bees (D:10)
  2 electric eels
  A howler monkey (D:5)
  2 jellies (D:6)
  6 hounds
  7 orc priests
  A gnoll bouda (D:7)
  6 iguanas
  4 orc wizards
  Robin (D:3)
  14 gnolls
  13 adders
  3 shadow imps
  2 white imps (D:7)
  An ufetubus (D:5)
  3 worms
  37 orcs
  11 endoplasms
  A giant cockroach (D:1)
  16 goblins
  9 hobgoblins
  A jackal (D:4)
  27 kobolds
  A quokka (D:1)
  5 ball pythons
  4 bats
  3 frilled lizards
  6 rats
322 creatures vanquished.

Vanquished Creatures (others)
  A gnoll (D:6)
  A quokka (D:7)
  6 fungi (Lair:2)
  7 plants (Lair:2)
15 creatures vanquished.

Grand Total: 337 creatures vanquished

Notes
Turn   | Place    | Note
-------+----------+-------------------------------------------
     0 | D:1      | Kazon the Barachi Fighter began the quest for the Orb.
     0 | D:1      | Reached XP level 1. HP: 18/18 MP: 1/1
    36 | D:1      | Identified a scroll of acquirement
    36 | D:1      | Acquired the amulet of Pessimism {Rampage rC- Regen+ Str+5
                  | SInv}
   124 | D:1      | Reached XP level 2. HP: 22/24 MP: 2/2
   739 | D:2      | Reached XP level 3. HP: 28/30 MP: 3/3
   913 | D:2      | Reached skill level 3 in Long Blades
  1135 | D:2      | Reached skill level 1 in Short Blades
  1139 | D:2      | Reached XP level 4. HP: 15/37 MP: 4/4
  1206 | D:2      | Reached skill level 5 in Armour
  1317 | D:3      | Found Umat's Antique Weapon Boutique.
  1323 | D:3      | Bought a crude falchion for 184 gold pieces
  1323 | D:3      | Identified the +3 falchion of Winter {venom, rCorr} (You
                  | bought it in a shop on level 3 of the Dungeon)
  1486 | D:3      | Noticed Robin
  1501 | D:3      | Killed Robin
  1502 | D:3      | Reached XP level 5. HP: 36/42 MP: 5/5
  1778 | D:3      | Reached skill level 5 in Long Blades
  1778 | D:3      | Reached skill level 5 in Shields
  1778 | D:3      | Reached XP level 6. HP: 53/53 MP: 6/6
  1977 | D:4      | Reached XP level 7. HP: 59/59 MP: 7/7
  2024 | D:4      | Reached skill level 6 in Long Blades
  2233 | D:4      | Found a hazy altar of Hepliaklqana.
  2770 | D:5      | Entered Level 5 of the Dungeon
  2802 | D:5      | Noticed Eustachio
  2849 | D:5      | Killed Eustachio
  2850 | D:5      | Reached skill level 1 in Evocations
  2850 | D:5      | Reached XP level 8. HP: 54/65 MP: 8/8
  2939 | D:5      | Noticed Menkaure
  2955 | D:5      | Killed Menkaure
  3390 | D:5      | Reached skill level 7 in Long Blades
  3711 | D:6      | Reached XP level 9. HP: 50/72 MP: 9/9
  3784 | D:7      | Found a white marble altar of Elyvilon.
  3860 | D:7      | Found a staircase to the Ecumenical Temple.
  3871 | Temple   | Entered the Ecumenical Temple
  3880 | Temple   | Became a worshipper of Warmaster Okawaru
  3972 | D:7      | Found a hide-covered altar of Uskayaw.
  4070 | D:6      | Reached * piety under Okawaru
  4102 | D:6      | Reached skill level 5 in Dodging
  4163 | D:6      | Reached skill level 1 in Invocations
  4190 | D:6      | Noticed Edmund
  4213 | D:6      | Reached skill level 8 in Long Blades
  4231 | D:6      | Killed Edmund
  4232 | D:6      | Reached skill level 5 in Short Blades
  4270 | D:6      | Reached ** piety under Okawaru
  4271 | D:6      | Reached XP level 10. HP: 79/79 MP: 11/11
  4508 | D:6      | Noticed Maggie
  4521 | D:6      | Killed Maggie
  4903 | D:7      | Reached skill level 9 in Long Blades
  5249 | D:8      | Found Quzidd's Magic Scroll Emporium.
  5254 | D:8      | Bought a scroll of teleportation for 42 gold pieces
  5502 | D:8      | Found Esumer's Weapon Shop.
  5861 | D:8      | Found Heidghoki's Jewellery Shop.
  6018 | D:8      | Found Zoxtaeshakh's Jewellery Boutique.
  6102 | D:9      | Noticed Prince Ribbit
  6117 | D:9      | Killed Prince Ribbit
  6117 | D:9      | Reached *** piety under Okawaru
  6257 | D:9      | Received a gift from Okawaru
  6381 | D:9      | Reached skill level 5 in Throwing
  6452 | D:9      | Noticed a two-headed ogre
  6459 | D:9      | Killed a two-headed ogre
  6460 | D:9      | Reached XP level 11. HP: 86/86 MP: 11/13
  6607 | D:9      | Received a gift from Okawaru
  6735 | D:10     | Entered Level 10 of the Dungeon
  6791 | D:10     | Found a staircase to the Lair.
  6886 | D:10     | Noticed Erolcha
  6902 | D:10     | Killed Erolcha
  6902 | D:10     | Reached **** piety under Okawaru
  6903 | D:10     | Reached skill level 5 in Evocations
  6910 | D:10     | Identified the +5 long sword of the Land of Plenty {drain,
                  | Dex+3}
  6939 | D:10     | Found Juagoaq's Book Shoppe.
  7436 | D:10     | Reached ***** piety under Okawaru
  7792 | D:11     | Noticed a green ugly thing
  7804 | D:11     | Killed a green ugly thing
  7852 | D:11     | Reached skill level 10 in Long Blades
  8010 | D:11     | Identified the +10 flail of Starshine {holy, *Noise +Blink
                  | Will++ Str+2} (Okawaru gifted it to you on level 11 of the
                  | Dungeon)
  8010 | D:11     | Received a gift from Okawaru
  8016 | D:11     | Noticed a sixfirhy
  8024 | D:11     | Reached XP level 12. HP: 95/95 MP: 15/15
  8927 | Lair:1   | Entered Level 1 of the Lair of Beasts
  9043 | Lair:1   | Found the +2 Maxwell's thermic engine {flame, freeze}
  9204 | Lair:1   | Received a gift from Okawaru
  9262 | Lair:1   | Reached skill level 5 in Stealth
  9467 | Lair:1   | Reached skill level 5 in Invocations
  9861 | D:8      | Bought the amulet "Odemouw" {Contam rPois rF+++ Regen+
                  | Stlth+} for 734 gold pieces
  9989 | Lair:2   | Noticed Fannar
 10002 | Lair:2   | Killed Fannar
 10306 | Lair:2   | HP: 2/97 [electric eel/bolt of electricity (8)]
 10307 | Lair:2   | Received a gift from Okawaru
 10307 | Lair:2   | Slain by a blink frog

Illustrated notes

Levels and vault maps discovered:
D:1:      dpeg_arrival_three_smaller_balls, layout_basic
D:2:      layout_loops_ring
D:3:      layout_basic, serial_shops, nicolae_shop_stone, st_stairs_9,
          minmay_misc_feat_doors, eino_curves_03, uniq_robin
D:4:      minmay_wonky_spiral, layout_basic,
          mainiacjoe_overflow_surrounded_room, minivault_5
D:5:      layout_cave_pods, uniq_menkaure, uniq_eustachio
D:6:      cheibrodos_barr_body, layout_basic, minmay_crystal_room,
          minmay_pentangle, uniq_maggie, uniq_edmund
D:7:      layout_cave_pools, nicolae_uskayaw_murder_on_the_dancefloor,
          elyvilon_altar_4, minmay_temple_entry_purple_smoke
D:8:      layout_basic, serial_shops, shop_statue, kennysheep_little_box, shop,
          nicolae_shop_window_shopping
D:9:      layout_cave_pools, uniq_prince_ribbit1
D:10:     layout_stronghold, erik_lair_island, serial_shops,
          nicolae_shop_statue_plus, uniq_erolcha
D:11:     layout_roguey
D:12:     layout_loops_ring, orc_0_dummy, chequers_serial_rivers_marsh,
          uniq_lodul, uniq_nessos, uniq_rupert
Temple:   nicolae_temple_bog_church
Lair:1:   layout_long_grid, fungi_pond_lemuel, cheibrodos_lair_reptile_den
Lair:2:   layout_gridlike, uniq_fannar

Skill      XL: |  1  2  3  4  5  6  7  8  9 10 11 12 |
---------------+-------------------------------------+-----
Armour         | 4 5 7 8 |  8.1
Long Blades    | 3 5 6 7 8 9 10 | 10.7
Short Blades   | 1 4 5 |  5.9
Fighting       | 6 7 8 9 |  9.9
Ranged Weapons | 3 |  3.8
Throwing       | 3 4 5 |  5.8
Dodging        | 4 5 6 7 |  7.3
Stealth        | 3 4 5 |  5.3
Shields        | 5 6 7 |  7.5
Evocations     | 1 2 3 4 6 8 |  8.1
Invocations    | 1 2 4 5 |  5.5

Action                   |  1- 3 |  4- 6 |  7- 9 | 10-12 || total
-------------------------+-------+-------+-------+-------++-------
Melee: Long sword        |   103 |       |       |   181 ||   284
       Dagger            |     7 |    79 |    11 |   302 ||   399
       Falchion          |       |    18 |   303 |   208 ||   529
       Double sword      |       |       |       |    75 ||    75
 Fire: Sling             |       |    12 |     3 |       ||    15
Throw: Stone             |     5 |    26 |    26 |    79 ||   136
       Boomerang         |       |       |       |    41 ||    41
       Dart              |       |       |       |     2 ||     2
Invok: Heroism           |       |       |       |     5 ||     5
       Finesse           |       |       |       |     1 ||     1
 Abil: Hop               |       |       |       |     1 ||     1
Evoke: Wand              |       |       |       |    27 ||    27
       Condenser vane    |       |       |       |     1 ||     1
  Use: Scroll            |     1 |       |     3 |     4 ||     8
       Potion            |       |     1 |       |     2 ||     3
 Stab: Sleeping          |       |       |     1 |    11 ||    12
       Paralysed         |       |       |       |     4 ||     4
Armor: Scale mail        |    52 |    36 |    32 |       ||   120
       Leather armour    |       |       |    80 |    54 ||   134
       Troll leather arm |       |       |       |    80 ||    80
Dodge: Dodged            |    56 |    30 |   173 |   306 ||   565
Block: Buckler           |    19 |    16 |    75 |   152 ||   262
